Cogmind - Beta 15 @@@ ROGUE MODE // 2025.06.18 @ 23:40:54 Player: GiggleBox Result: Destroyed by S-27 Virus with Autogun Performance ------------- Evolutions (5) 2500 Regions Visited (12) 2400 Robots Destroyed (99) 495 Value Destroyed (2892) 2892 Prototype IDs (18) 360 Alien Tech Used (0) 0 Bonus (-366) -366 TOTAL SCORE: 8281 Bonus ------- Follower Combat Kills 168 Met Data Miner 300 Friendly Fire -834 Cogmind --------- Core Integrity 0/1000 Matter 25/300 Energy 4/100 System Corruption 4% Temperature Cool (0) Movement Core (50) Location -5/Factory Parts ------- > --- POWER (2) -------- (None) > --- PROPULSION (6) --- (None) > --- UTILITY (6) ------ Enhanced Optical Array > --- WEAPON (3) ------- (None) > --- INVENTORY (5) ---- Advanced Cooling System Improved Sensor Array Improved Signal Interpreter Arc Thrower Long-range Proton Cannon Peak State ------------ > --- POWER ------------ Angular Momentum Engine Light Angular Momentum Engine > --- PROPULSION ------- Advanced Treads Advanced Treads Advanced Treads Advanced Treads > --- UTILITY ---------- Power Amplifier Advanced Heat Sink Coolant Injector High-capacity Storage Unit Core Analyzer Hardened Light Armor Plating > --- WEAPON ----------- Arc Thrower Arc Thrower Arc Thrower > --- INVENTORY -------- Armored Wheel High-capacity Matter Pod Experimental Sensor Array Improved Terrain Scanner Hardened Heavy Armor Plating Arc Thrower Heavy Laser Heavy Laser Heavy Laser Improved EM Pulse Cannon Improved EM Pulse Cannon Gauss Rifle Makeshift Shrapnel Gun Coil Gun Heavy Machine Gun Long-range Missile Launcher Long-range Missile Launcher Powered Hammer [Rating: 66] Favorites ----------- Power Improved Ion Engine Engine Improved Ion Engine Power Core Light Nuclear Core Propulsion Advanced Treads Treads Advanced Treads Leg Thunder Leg Wheel Armored Wheel Hover Unit Gravmag System Utility High-capacity Storage Unit Device Seismic Detector Storage High-capacity Storage Unit Processor Enhanced Optical Array Hackware Advanced Hacking Suite Protection Hardened Light Armor Plating Weapon Heavy Laser Energy Gun Heavy Laser Energy Cannon Long-range Proton Cannon Ballistic Gun Gauss Rifle Ballistic Cannon Heavy Assault Cannon Launcher Mini Grenade Launcher Impact Weapon Heavy Flail Build | -11 -10 -10 -9 -9 -8 -7 -6 -6 -6 -6 -5 -5 ------- Run | Yrd Mat Min Mat Min Mat Fac Fac Low Low Dat Pro Fac Slots Evolved 10 | . . . 2 . 2 2 2 . . . . 2 Power 1 | . . . . . . . 1 . . . . . Propulsion 4 | . . . 1 . . 1 . . . . . 2 Utility 4 | . . . 1 . 1 1 1 . . . . . Weapon 1 | . . . . . 1 . . . . . . . Parts Attached 117 | 7 13 5 18 3 13 7 10 21 6 . 3 11 Power 15 | 1 1 1 4 . . 1 2 3 1 . . 1 Engine 14 | 1 1 1 4 . . 1 2 3 1 . . . Core 1 | . . . . . . . . . . . . 1 Reactor . | . . . . . . . . . . . . . Propulsion 25 | 2 2 1 4 2 4 1 . 4 . . . 5 Treads 15 | 2 1 1 1 2 3 1 . 4 . . . . Leg 4 | . . . . . . . . . . . . 4 Wheel 5 | . 1 . 3 . 1 . . . . . . . Hover 1 | . . . . . . . . . . . . 1 Flight . | . . . . . . . . . . . . . Utility 37 | 2 6 . 4 1 4 4 4 5 1 . 3 3 Device 19 | 1 3 . 3 1 2 3 2 2 . . 1 1 Storage 4 | 1 2 . . . . . . . . . . 1 Processor 6 | . . . 1 . . . 1 1 1 . 2 . Hackware 1 | . . . . . . . . . . . . 1 Protection 7 | . 1 . . . 2 1 1 2 . . . . Artifact . | . . . . . . . . . . . . . Weapon 40 | 2 4 3 6 . 5 1 4 9 4 . . 2 Energy Gun 18 | 1 . 3 3 . 2 1 3 5 . . . . Energy Cannon 3 | . . . . . . . . 1 1 . . 1 Ballistic Gun 10 | 1 2 . 2 . . . 1 2 1 . . 1 Ballistic Cannon 5 | . 1 . 1 . 2 . . 1 . . . . Launcher 3 | . 1 . . . . . . . 2 . . . Special Weapon . | . . . . . . . . . . . . . Impact Weapon 1 | . . . . . 1 . . . . . . . Slashing Weapon . | . . . . . . . . . . . . . Piercing Weapon . | . . . . . . . . . . . . . Special Melee Weapon . | . . . . . . . . . . . . . Unidentified Prototypes 4 | . . . 2 . 1 1 . . . . . . Corrupted Parts 1 | . . . . . . . . 1 . . . . System Corruption 5 | . . . . . . . . 5 . . . . Parts Lost 62 | . 3 3 4 . 1 . 8 12 18 . . 13 Power 12 | . 1 2 1 . . . 3 1 3 . . 1 Propulsion 17 | . 2 . . . 1 . . 5 4 . . 5 Utility 17 | . . . 1 . . . 3 3 4 . . 6 Weapon 16 | . . 1 2 . . . 2 3 7 . . 1 Highest Loss Streak 15 | . 2 2 3 . 1 . 7 5 15 . . 8 To Critical Strikes 1 | . . . . . . . . 1 . . . . Average Backups 15 | 4 12 17 19 19 19 19 15 17 14 15 5 3 Power . | . . . 1 1 1 1 . . . . . . Propulsion 1 | 3 3 1 2 2 2 2 2 1 . . . . Utility 6 | . 6 11 9 9 8 5 4 3 3 4 1 1 Weapon 6 | . 2 4 6 6 7 9 8 12 10 10 3 1 Tool/Special . | . . . . . . . . . . . . . Unused Backups 27 | . 5 2 3 1 7 . . . . . 7 2 Power 2 | . . . . . 2 . . . . . . . Propulsion 3 | . 3 . . . . . . . . . . . Utility 12 | . 1 1 3 . 3 . . . . . 2 2 Weapon 9 | . 1 1 . 1 2 . . . . . 4 . Tool/Special 1 | . . . . . . . . . . . 1 . Average Slot Usage (%) 81 | . 99 95 98 100 97 86 85 92 45 20 30 52 Engine 8 | . 13 10 10 11 9 7 7 9 4 . . . Treads 18 | . 26 14 12 32 23 30 26 23 2 . . . Wheel 4 | . 1 14 20 . 3 . . 1 1 . . . Device 13 | . 13 13 17 22 18 17 16 17 6 . 9 4 Storage 8 | . 14 14 11 11 9 7 6 6 6 6 . 3 Processor 5 | . . . . . . . 5 9 12 13 19 16 Protection 2 | . . . 4 . 8 7 5 4 . . . . Energy Gun 10 | . 11 18 19 17 19 7 9 9 1 . . . Ballistic Gun 3 | . 9 5 . . . . 1 7 7 . . 3 Ballistic Cannon 2 | . 5 . 1 4 3 7 2 . . . . . Peak Build Rating 66 | 7 11 15 26 22 34 43 53 66 59 15 29 56 Average Rating 27 | 4 8 12 22 20 27 42 45 57 30 15 23 42 On Entrance 24 | . 7 10 12 20 21 34 43 52 59 20 15 28 Naked Turns . | . . . . . . . . . . . . . Heaviest Build 92 | 15 47 50 59 56 74 88 84 92 76 40 40 31 Greatest Support 92 | 40 40 16 26 60 66 88 88 88 71 3 3 92 Greatest Overweight (x) 14 | . 2 3 3 . 2 . 1 6 14 13 13 1 Average Overweight (x) 1 | . . 2 2 . 1 . . . 8 13 . . Largest Inventory Capacity 20 | 8 20 20 20 20 20 20 20 20 20 20 20 10 Average Capacity 17 | 7 13 20 20 20 20 20 20 20 20 20 6 8 Most Carried 20 | 7 15 20 20 20 20 20 19 20 20 16 16 5 Average Carried 15 | 4 12 18 19 19 19 19 16 18 15 16 6 3 Final Capacity 20 | 8 20 20 20 20 20 20 20 20 20 20 5 5 Final Carried 20 | 7 14 20 17 20 20 20 16 19 15 16 5 5 Class Distribution -------------------- 53% | Mutant 17% | Scavenger-Mutant 6% | Gunner 6% | Scavenger-Skirmisher 6% | Tank 5% | Scavenger-Tank 3% | Scavenger-Gunner Dominant Class ---------------- Mutant | -10/Materials Mutant | -10/Mines Mutant | -9/Materials Scavenger-Mutant | -9/Mines Scavenger-Tank | -8/Materials Tank | -7/Factory Scavenger-Gunner | -6/Factory Scavenger-Skirmisher | -6/Lower Caves Mutant | -6/Lower Caves Mutant | -6/Data Miner Mutant | -5/Proximity Caves Mutant | -5/Factory Resources | -11 -10 -10 -9 -9 -8 -7 -6 -6 -6 -6 -5 -5 ----------- Run | Yrd Mat Min Mat Min Mat Fac Fac Low Low Dat Pro Fac Matter Collected 3198 | 294 586 279 533 52 234 120 113 780 81 . 88 38 Remotely 37 | . 37 . . . . . . . . . . . Salvage Created 4225 | 175 591 183 770 114 176 91 171 1714 184 . . 56 Parts 188 | 13 42 11 45 9 9 4 8 33 9 . . 5 Haulers Intercepted 4 | . 2 . 2 . . . . . . . . . Recyclers Shooed 5 | . . 2 1 . . . 2 . . . . . Parts Field Recycled . | . . . . . . . . . . . . . Retrieved Matter . | . . . . . . . . . . . . . Parts Self-Destructed 35 | . . . . . . . . 16 13 . 6 . Prevented 2 | . . . . . . . . 2 . . . . Kills | -11 -10 -10 -9 -9 -8 -7 -6 -6 -6 -6 -5 -5 ------- Run | Yrd Mat Min Mat Min Mat Fac Fac Low Low Dat Pro Fac Combat Hostiles Destroyed 73 | . 22 4 12 4 3 1 4 12 7 . . 4 Guns 42 | . 12 2 11 2 3 . . 7 3 . . 2 Cannons 11 | . 4 . . 2 . 1 . 4 . . . . AOE 17 | . 5 2 . . . . 4 . 4 . . 2 Classes Destroyed 16 | 3 4 2 2 . 1 1 . 2 1 . . . Worker 6 | 1 . 1 1 . 1 1 1 . . . . . Builder 2 | . . 1 1 . . . . . . . . . Tunneler 6 | 5 . 1 . . . . . . . . . . Hauler 4 | . 2 . 2 . . . . . . . . . Recycler 3 | 1 1 . 1 . . . . . . . . . Mechanic 1 | . . . . . . 1 . . . . . . Operator 2 | . 2 . . . . . . . . . . . Watcher 2 | . . . 2 . . . . . . . . . Swarmer 23 | . 14 . 3 2 . . . . . . . 4 Grunt 32 | . 8 2 7 2 1 1 3 5 3 . . . Brawler 2 | . . . . . . . . 1 1 . . . Duelist 1 | . . . . . . . . 1 . . . . Sentry 4 | . . . 2 . 1 . . 1 . . . . Demolisher 2 | . . 2 . . . . . . . . . . Hunter 3 | . . . . . 1 . . . 2 . . . Programmer 1 | . . . . . . . . . 1 . . . Thug 1 | . . . . . . . . 1 . . . . Savage 3 | . . . . . . . . 3 . . . . Best Kill Streak 5 | 3 5 2 4 2 1 2 3 4 4 . . 2 Combat Bots Only 5 | . 5 2 3 2 1 1 3 4 4 . . 2 Max Kills in Single Turn 2 | 1 2 1 2 1 1 1 2 1 1 . . 2 Gunslinging . | . . . . . . . . . . . . . Exploded 2 | . 2 1 . . . . 2 . 1 . . 2 Melee . | . . . . . . . . . . . . . Uniques/NPCs Destroyed 2 | . . . . 1 . . 1 . . . . . YI-UF0 (-9/Mines) 7R-MNS (-6/Factory) Combat | -11 -10 -10 -9 -9 -8 -7 -6 -6 -6 -6 -5 -5 -------- Run | Yrd Mat Min Mat Min Mat Fac Fac Low Low Dat Pro Fac Hostile Shots Fired 759 | . 121 20 55 15 30 1 60 76 117 . 11 253 Missed 269 | . 41 1 17 4 11 1 8 20 36 . 5 125 Hits 490 | . 80 19 38 11 19 . 52 56 81 . 6 128 Melee 17 | . . . . . . . . 17 . . . . Projectile 473 | . 80 19 38 11 19 . 52 39 81 . 6 128 AOE 15 | . . 12 . 3 . . . . . . . . Critical Strikes 15 | . 1 . 1 1 . . 1 7 2 . . 2 Damage Taken 9261 | . 803 576 503 184 254 . 1589 1525 1476 . 102 2249 Core 1979 | . 147 82 72 34 . . 101 137 304 . 102 1000 Absorbed by Shields . | . . . . . . . . . . . . . Regen/Repaired (Parts) 88 | . 50 . 38 . . . . . . . . . Core Remaining (%) 67 | 100 . 8 . 73 100 100 . . . . 24 . Volleys Fired 290 | 13 90 17 42 9 12 5 31 40 26 . . 5 Largest 3 | 2 2 2 2 2 3 2 3 3 3 . . 1 Hottest 210 | 70 80 130 95 106 186 119 207 210 166 . . 81 Shots Fired 530 | 21 152 30 77 18 27 10 52 103 35 . . 5 Gun 418 | 21 110 24 75 15 25 5 30 90 21 . . 2 Cannon 76 | . 36 . 2 3 2 5 7 13 5 . . 3 Launcher 36 | . 6 6 . . . . 15 . 9 . . . Special . | . . . . . . . . . . . . . Kinetic 190 | 8 73 13 8 3 2 5 13 49 14 . . 2 Thermal 166 | 13 73 11 3 9 21 5 24 . 7 . . . Explosive 36 | . 6 6 . . . . 15 . 9 . . . Electromagnetic 138 | . . . 66 6 4 . . 54 5 . . 3 Robot Hit Streak 27 | 8 8 6 9 5 5 5 10 27 3 . . 3 Robot Miss Streak 6 | 1 6 3 3 3 2 2 2 4 3 . . . Penetration Max 1 | . . . . . . . 1 1 . . . . Secondary Targets 6 | . 1 . 1 . . . . 4 . . . . Max Gunslinging Chain 1 | . 1 . 1 . . . . 1 . . . . Shots Hit Robots 347 | 13 82 25 64 11 20 7 32 75 16 . . 2 Core Hits 213 | 8 33 17 32 5 10 3 19 65 16 . . 5 Critical Kills 2 | . 1 . . . . . . 1 . . . . Critical Parts Destroyed 1 | . . . . . . . . 1 . . . . Critical Strikes 12 | 1 6 1 . 1 . . . 3 . . . . Burn 7 | 1 4 1 . 1 . . . . . . . . Destroy 3 | . 1 . . . . . . 2 . . . . Blast 2 | . 1 . . . . . . 1 . . . . Melee Attacks 5 | . . . . . 5 . . . . . . . Impact 5 | . . . . . 5 . . . . . . . Slashing . | . . . . . . . . . . . . . Piercing . | . . . . . . . . . . . . . Sneak Attacks 1 | . . . . . 1 . . . . . . . Combat Hostiles . | . . . . . . . . . . . . . Follow-up Attacks . | . . . . . . . . . . . . . Damage Inflicted 9116 | 165 1588 348 1184 183 439 266 1319 1771 1287 . . 566 Guns 4308 | 165 779 258 1011 117 224 56 328 1138 187 . . 45 Cannons 1200 | . 396 . 35 66 85 198 114 216 90 . . . Explosions 3447 | . 413 90 138 . . . 877 417 1010 . . 502 Melee 130 | . . . . . 130 . . . . . . . Ramming 31 | . . . . . . 12 . . . . . 19 Kinetic 2352 | 63 641 126 89 66 85 198 242 715 82 . . 45 Thermal 1829 | 102 534 132 155 86 179 56 200 293 92 . . . Explosive 2892 | . 413 90 . . . . 877 . 1010 . . 502 Electromagnetic 1882 | . . . 940 31 45 . . 763 103 . . . Impact 130 | . . . . . 130 . . . . . . . Slashing . | . . . . . . . . . . . . . Piercing . | . . . . . . . . . . . . . Highest Corruption 18 | . . . . . . . 4 16 18 18 18 4 Average Corruption 12 | . . . . . . . 4 10 17 18 18 2 Corruption Purged . | . . . . . . . . . . . . . Corruption Blocked . | . . . . . . . . . . . . . Effects 117 | . . . . . . . 13 39 34 24 6 1 Message Errors 22 | . . . . . . . 3 5 7 4 2 1 Matter Fused 27 | . . . . . . . 2 10 10 4 1 . Heat Flow Errors 11 | . . . . . . . 2 4 3 2 . . Energy Discharges 16 | . . . . . . . 2 5 5 4 . . Parts Rejected 1 | . . . . . . . . 1 . . . . Parts Fused 2 | . . . . . . . . 1 . . 1 . Data Loss (minor) 22 | . . . . . . . 3 6 5 7 1 . Data Loss (major) 4 | . . . . . . . . 1 2 1 . . Misfires 5 | . . . . . . . 1 3 1 . . . Alerts 4 | . . . . . . . . 1 . 2 1 . Misdirections 2 | . . . . . . . . 1 1 . . . Weapon Failures 1 | . . . . . . . . 1 . . . . Overload Shots . | . . . . . . . . . . . . . Overflow Damage 213 | . 17 . 26 . 13 9 12 80 13 . . 43 Projectiles 41 | . . . 3 . 13 9 . 16 . . . . Explosions 172 | . 17 . 23 . . . 12 64 13 . . 43 Melee . | . . . . . . . . . . . . . Knockbacks 18 | . 7 . 1 . 1 3 3 3 . . . . Impact 1 | . . . . . . 1 . . . . . . Kinetic 17 | . 7 . 1 . 1 2 3 3 . . . . Secondary . | . . . . . . . . . . . . . Self-Inflicted Damage 638 | . . . 79 . . . 379 47 50 . . 83 Shots 17 | . . . 3 . . . 11 1 1 . . 1 Rammed 3 | . . . 1 . . . . . . . . 2 Targets Rammed 4 | . . . 1 . . 1 . . . . . 2 Kicked . | . . . . . . . . . . . . . Crushed 1 | . . . . . . 1 . . . . . . Highest Temperature 339 | 27 114 69 90 16 336 . 173 339 259 184 . . Average Temperature 57 | 11 34 31 28 8 99 . 48 133 84 88 . . Received Heat Transfer 1662 | . 255 60 126 36 18 . 441 303 123 . 12 288 Effects 3 | . . . . . 1 . . 2 . . . . Shutdowns 1 | . . . . . . . . 1 . . . . Matter Decay 1 | . . . . . 1 . . . . . . . Short Circuit 1 | . . . . . . . . 1 . . . . Siege Activations . | . . . . . . . . . . . . . Martial Activations . | . . . . . . . . . . . . . Shielding Activations . | . . . . . . . . . . . . . Robots Disrupted 1 | . . . . . . . . 1 . . . . Combat Hostiles 1 | . . . . . . . . 1 . . . . Robots Corrupted 2 | . . . 1 . . . . 1 . . . . Combat Hostiles 2 | . . . 1 . . . . 1 . . . . Parts Fried 9 | . 2 . 4 . . . . 2 1 . . . Impact Corruptions . | . . . . . . . . . . . . . Robots Melted 1 | . 1 . . . . . . . . . . . Combat Hostiles 1 | . 1 . . . . . . . . . . . Parts Melted 9 | 1 5 . . 1 . . . 1 1 . . . Heat Transferred 4529 | 370 1887 407 287 296 444 111 379 200 148 . . . Parts Sabotaged . | . . . . . . . . . . . . . Parts Stolen . | . . . . . . . . . . . . . Parts Stripped . | . . . . . . . . . . . . . Power Chain Reactions 6 | . . . 3 . . . . 2 . . . 1 Alert | -11 -10 -10 -9 -9 -8 -7 -6 -6 -6 -6 -5 -5 ------- Run | Yrd Mat Min Mat Min Mat Fac Fac Low Low Dat Pro Fac Maximum Alert Level 2 | . 1 . . . . . . . . . . 2 Low Security (%) 75 | 100 23 100 100 100 100 100 100 . . . . 24 Level 1 23 | . 76 . . . . . . . . . . 67 Level 2 . | . . . . . . . . . . . . 7 Level 3 . | . . . . . . . . . . . . . Level 4 . | . . . . . . . . . . . . . Level 5 . | . . . . . . . . . . . . . High Security . | . . . . . . . . . . . . . Max Security . | . . . . . . . . . . . . . Peak Influence 446 | 10 347 113 107 86 42 22 80 . . . . 446 Initial 113 | . . 113 17 36 22 . . . . . . 13 Average 83 | 1 201 41 39 17 6 2 11 . . . . 254 Influence Increases 3229 | 35 825 191 423 159 86 78 171 175 200 . 142 744 Destroy 0b10 Robot/C 1520 | . 440 120 240 120 60 40 60 160 140 . 60 80 Destroy 0b10 Robot/NC 140 | 35 30 15 35 . 5 10 5 5 . . . . Destroy Leader 302 | . 84 30 78 20 20 10 10 10 30 . 10 . Allied During Kill 25 | . . 6 . 4 . 3 . . . . 12 . Trap Triggered on 0b10 50 | . 50 . . . . . . . . . . . Successful Hack 82 | . 18 . 43 . . 14 . . . . . 7 Select Force Hacks 50 | . . . . . . . . . . . . 50 Disable Machine 210 | . 75 . . . . . 60 . . . . 75 Destroy Structure 145 | . 53 20 12 . 1 1 36 . . . . 22 Partial Spotted 15 | . . . . . . . . . . . . 15 Lose Combat Pursuer 690 | . 75 . 15 15 . . . . 30 . 60 495 Influence Decreases 2783 | 35 533 438 375 195 143 78 171 135 240 . 120 320 Entered New Map 316 | . . 179 28 57 35 . . . 8 . . 9 Time Decay 1929 | 35 503 232 267 118 108 48 112 85 110 . 100 211 Lost Part 428 | . 30 27 40 . . . 59 50 122 . . 100 Lost Ally 70 | . . . . 20 . 30 . . . . 20 . Purge Threat 40 | . . . 40 . . . . . . . . . Squads Dispatched 25 | . 3 . 4 . 4 3 3 . . . . 8 Investigation 5 | . . . 1 . 1 . . . . . . 3 Extermination 4 | . . . . . . 1 1 . . . . 2 Reinforcement 16 | . 3 . 3 . 3 2 2 . . . . 3 Assault . | . . . . . . . . . . . . . Garrison . | . . . . . . . . . . . . . Intercept . | . . . . . . . . . . . . . Searches Triggered . | . . . . . . . . . . . . . Construction Impeded 1 | . . . . . . . 1 . . . . . Haulers Reinforced . | . . . . . . . . . . . . . Active Scanning Responses . | . . . . . . . . . . . . . Cargo Convoy Interrupts . | . . . . . . . . . . . . . Stealth | -11 -10 -10 -9 -9 -8 -7 -6 -6 -6 -6 -5 -5 --------- Run | Yrd Mat Min Mat Min Mat Fac Fac Low Low Dat Pro Fac Distress Signals 5 | . 2 . 1 . 1 . . . . . . 1 Communications Jammed . | . . . . . . . . . . . . . Distress Signals . | . . . . . . . . . . . . . Times Spotted 183 | . 36 5 24 8 9 9 6 14 8 . 5 59 Peak Tracking Total 14 | . 7 2 4 4 4 4 3 5 5 . 4 14 Tactical Retreats 21 | . 3 . 1 1 . . . . 2 . 1 13 Traps | -11 -10 -10 -9 -9 -8 -7 -6 -6 -6 -6 -5 -5 ------- Run | Yrd Mat Min Mat Min Mat Fac Fac Low Low Dat Pro Fac Traps Triggered 2 | . 1 . . . . . 1 . . . . . Indirectly . | . . . . . . . . . . . . . Trap Hack Attempts . | . . . . . . . . . . . . . Triggered . | . . . . . . . . . . . . . Disarmed . | . . . . . . . . . . . . . Reprogrammed 6 | . 6 . . . . . . . . . . . Reused 6 | . 6 . . . . . . . . . . . Traps Extracted . | . . . . . . . . . . . . . Installed . | . . . . . . . . . . . . . Triggered 5 | . 5 . . . . . . . . . . . Machines | -11 -10 -10 -9 -9 -8 -7 -6 -6 -6 -6 -5 -5 ---------- Run | Yrd Mat Min Mat Min Mat Fac Fac Low Low Dat Pro Fac Machines Disabled 17 | . 6 . . . . . 4 1 . . 1 5 Max in Single Turn 4 | . 2 . . . . . 4 1 . . . 4 Machines Repaired . | . . . . . . . . . . . . . Machines Dismantled . | . . . . . . . . . . . . . Machines Sabotaged . | . . . . . . . . . . . . . Overloaded Fab Kills . | . . . . . . . . . . . . . Hacking | -11 -10 -10 -9 -9 -8 -7 -6 -6 -6 -6 -5 -5 --------- Run | Yrd Mat Min Mat Min Mat Fac Fac Low Low Dat Pro Fac Machines Accessed 27 | . 6 2 8 . . 2 . 1 . 4 . 4 Terminals 15 | . 4 1 7 . . . . . . . . 3 Fabricators 3 | . . . . . . 2 . . . . . 1 Repair Stations 2 | . 1 . 1 . . . . . . . . . Recycling Units 1 | . 1 . . . . . . . . . . . Scanalyzers . | . . . . . . . . . . . . . Garrison Access . | . . . . . . . . . . . . . Total Hacks 102 | . 18 4 35 . . 3 . 1 . 32 . 9 Successful 68 | . 10 2 20 . . 1 . 1 . 32 . 2 Failed 34 | . 8 2 15 . . 2 . . . . . 7 Catastrophic 4 | . . . 1 . . . . . . . . 3 Database Lockouts . | . . . . . . . . . . . . . Manual 35 | . 6 3 17 . . . . . . . . 9 Terminals 58 | . 15 3 32 . . . . . . . . 8 Fabricators 4 | . . . . . . 3 . . . . . 1 Repair Stations 5 | . 2 . 3 . . . . . . . . . Recycling Units 1 | . 1 . . . . . . . . . . . Scanalyzers . | . . . . . . . . . . . . . Garrison Access . | . . . . . . . . . . . . . Terminal Hacks 52 | . 5 2 12 . . . . 1 . 32 . . Record 12 | . 1 . . . . . . . . 11 . . Part Schematic 14 | . . 1 . . . . . . . 13 . . Robot Schematic 5 | . . . . . . . . . . 5 . . Robot Analysis 4 | . . . 4 . . . . . . . . . Prototype ID Bank 5 | . 1 . 1 . . . . . . 3 . . Open Door 2 | . . 1 . . . . . 1 . . . . Branch Access Points 1 | . . . 1 . . . . . . . . . Alert Level 1 | . . . 1 . . . . . . . . . Unreport Threat 1 | . . . 1 . . . . . . . . . Locate Traps 2 | . 1 . 1 . . . . . . . . . Reprogram Traps 1 | . 1 . . . . . . . . . . . Dispatch Records 1 | . . . 1 . . . . . . . . . Hauler Manifests 1 | . . . 1 . . . . . . . . . Zone Layout 2 | . 1 . 1 . . . . . . . . . Fabricator Hacks 1 | . . . . . . 1 . . . . . . Build 1 | . . . . . . 1 . . . . . . Repair Station Hacks 4 | . 2 . 2 . . . . . . . . . Scan Component 2 | . 1 . 1 . . . . . . . . . Repair 2 | . 1 . 1 . . . . . . . . . Recycling Unit Hacks . | . . . . . . . . . . . . . Scanalyzer . | . . . . . . . . . . . . . Garrison Access Hacks . | . . . . . . . . . . . . . Unauthorized Hacks 11 | . 3 . 6 . . . . . . . . 2 Terminals 9 | . 2 . 6 . . . . . . . . 1 Botnet 2 | . 1 . 1 . . . . . . . . . Disrupt 1 | . . . . . . . . . . . . 1 Operators 1 | . 1 . . . . . . . . . . . Skim 5 | . . . 5 . . . . . . . . . Fabricators 1 | . . . . . . . . . . . . 1 Overload 1 | . . . . . . . . . . . . 1 Repair Stations . | . . . . . . . . . . . . . Recycling Units 1 | . 1 . . . . . . . . . . . Recyclers 1 | . 1 . . . . . . . . . . . Scanalyzers . | . . . . . . . . . . . . . Garrison Access . | . . . . . . . . . . . . . Data Cores Recovered . | . . . . . . . . . . . . . Used . | . . . . . . . . . . . . . Hacking Detections 18 | . 6 1 8 . . 1 . . . . . 2 Full Trace Events 2 | . . . . . . . . . . . . 2 Feedback Events 1 | . . . . . . . . . . . . 1 Hackware Fried 1 | . . . . . . . . . . . . 1 Feedback Blocked . | . . . . . . . . . . . . . Robot Schematics Acquired 5 | . . . . . . . . . . 5 . . Robots Built 2 | . . . . . . 2 . . . . . . Authchips . | . . . . . . . . . . . . . Time 40 | . . . . . . 40 . . . . . . Total Robot Build Rating 2 | . . . . . . 2 . . . . . . Part Schematics Acquired 14 | . . 1 . . . . . . . 13 . . Parts Built . | . . . . . . . . . . . . . Authchips . | . . . . . . . . . . . . . Time . | . . . . . . . . . . . . . Total Part Build Rating . | . . . . . . . . . . . . . Parts Repaired 2 | . 1 . 1 . . . . . . . . . Time 58 | . 26 . 32 . . . . . . . . . Parts Recycled . | . . . . . . . . . . . . . Recycled Matter . | . . . . . . . . . . . . . Retrieved Matter . | . . . . . . . . . . . . . Retrieved Components . | . . . . . . . . . . . . . Parts Scanalyzed . | . . . . . . . . . . . . . Part Schematics Acquired . | . . . . . . . . . . . . . Parts Damaged . | . . . . . . . . . . . . . Bothacking | -11 -10 -10 -9 -9 -8 -7 -6 -6 -6 -6 -5 -5 ------------ Run | Yrd Mat Min Mat Min Mat Fac Fac Low Low Dat Pro Fac Used RIF Installer . | . . . . . . . . . . . . . Robots Hacked . | . . . . . . . . . . . . . Non-combat . | . . . . . . . . . . . . . Combat . | . . . . . . . . . . . . . Robot Hacks Applied . | . . . . . . . . . . . . . Relay Couplers Released . | . . . . . . . . . . . . . Fabnet Peak Effective % . | . . . . . . . . . . . . . Robots Rewired 1 | . . . . . . 1 . . . . . . Allies Hacked . | . . . . . . . . . . . . . Hacks Repelled . | . . . . . . . . . . . . . Allies | -11 -10 -10 -9 -9 -8 -7 -6 -6 -6 -6 -5 -5 -------- Run | Yrd Mat Min Mat Min Mat Fac Fac Low Low Dat Pro Fac Total Allies 6 | . . 1 . 1 . 3 . . . . 1 . Largest Group 3 | . . 1 . 1 . 3 1 . . . 1 . Highest-Rated Group 96 | . . 31 . 31 . 42 8 . . . 96 . Highest-Rated Ally 96 | . . 31 . 31 . 30 8 . . . 96 . Total Orders . | . . . . . . . . . . . . . Ally Attacks 45 | . . 11 . 12 . 7 . . . . 15 . Total Damage 904 | . . 191 . 190 . 149 . . . . 374 . Kills 9 | . . 2 . 3 . 1 . . . . 3 . Allies Corrupted 1 | . . . . . . . 1 . . . . . Allies Melted . | . . . . . . . . . . . . . Intel | -11 -10 -10 -9 -9 -8 -7 -6 -6 -6 -6 -5 -5 ------- Run | Yrd Mat Min Mat Min Mat Fac Fac Low Low Dat Pro Fac Active Infowar (turns) 7855 | 22 1158 670 998 732 644 429 351 687 765 645 248 506 Optics 2766 | . . . . . . . . 602 765 645 248 506 Sensors 318 | . . . 39 . 1 . . . . . 220 58 Terrain 980 | . . . . . . . 41 687 252 . . . Seismic 4925 | 22 1158 670 960 732 644 429 310 . . . . . Jamming 329 | . . . . . . 43 286 . . . . . Robot Analysis Total 4 | . . . 4 . . . . . . . . . Derelict Logs Recovered 5 | . . 1 . 1 . . . 1 1 . 1 . Drone Launches . | . . . . . . . . . . . . . Drone Recoveries . | . . . . . . . . . . . . . Exploration | -11 -10 -10 -9 -9 -8 -7 -6 -6 -6 -6 -5 -5 ------------- Run | Yrd Mat Min Mat Min Mat Fac Fac Low Low Dat Pro Fac Turns Passed 9438 | 211 1606 699 999 732 644 429 776 1178 765 645 248 506 Spaces Moved 5273 | 115 791 441 650 417 299 270 432 619 181 93 428 537 Core 816 | 21 . . . . . . . . 63 93 428 211 Treads 2657 | 94 702 . . 417 191 270 432 537 14 . . . Legs 259 | . . . . . . . . . . . . 259 Wheels 1474 | . 89 441 650 . 108 . . 82 104 . . . Hover 67 | . . . . . . . . . . . . 67 Flight . | . . . . . . . . . . . . . Fastest Speed 50 | 50 130 130 115 163 115 145 145 145 160 700 50 50 Average Speed 153 | 139 158 138 117 163 182 145 154 161 377 700 56 85 Slowest Speed 750 | 160 320 145 145 163 243 145 225 240 750 700 700 120 Overloaded Moves . | . . . . . . . . . . . . . Propulsion Burnouts . | . . . . . . . . . . . . . Robots Hopped . | . . . . . . . . . . . . . Potential Cave-ins . | . . . . . . . . . . . . . Cave-ins Triggered . | . . . . . . . . . . . . . Exploration Rate (%) 50 | 7 95 75 54 86 32 11 8 75 43 80 64 25 Regions Visited 12 Branch Regions 6 Pre-discovered Areas 3 | . . . 2 . . . . . . 1 . . Known Exits Taken 3 | . . . 1 1 1 . . . . . . . Unknown Exits Taken 9 | 1 1 1 . . . 1 1 1 1 1 1 . Scrap Searched 11 | . . 1 . 2 . . . 5 1 . 2 . Spaces Dug 32 | . . . . . . . . . 32 . . . Terrain Destroyed 283 | . 52 31 12 . . 1 44 10 122 . . 11 Melee . | . . . . . . . . . . . . . Projectile 12 | . . . . . . 1 1 4 6 . . . AOE 271 | . 52 31 12 . . . 43 6 116 . . 11 Terrain Rammed . | . . . . . . . . . . . . . Walls Destroyed . | . . . . . . . . . . . . . Machines Disabled . | . . . . . . . . . . . . . Actions | -11 -10 -10 -9 -9 -8 -7 -6 -6 -6 -6 -5 -5 --------- Run | Yrd Mat Min Mat Min Mat Fac Fac Low Low Dat Pro Fac Total 6090 | 141 981 497 808 451 373 294 489 714 234 93 434 581 Wait 183 | . 52 16 62 14 5 . 7 4 12 . . 11 Move 5261 | 114 790 440 649 416 298 269 431 618 180 92 427 537 Hop . | . . . . . . . . . . . . . Pick Up 95 | 7 15 9 13 5 14 4 4 15 4 . 1 4 Fast Attach 38 | 7 1 1 2 . 2 1 3 10 . . 3 8 Attach 50 | . 3 . 7 . 3 3 9 10 8 . 1 6 Detach 10 | . . . 1 . 1 . . 2 . 1 . 5 Swap 87 | . 23 10 17 4 13 4 3 9 4 . . . Drop 64 | . 7 4 14 3 20 4 1 6 . . 2 3 Fire 290 | 13 90 17 42 9 12 5 31 40 26 . . 5 Melee 5 | . . . . . 5 . . . . . . . Ram 2 | . . . . . . . . . . . . 2 Kick . | . . . . . . . . . . . . . Crush 2 | . . . 1 . . 1 . . . . . . Escape Stasis . | . . . . . . . . . . . . . Rewire 3 | . . . . . . 3 . . . . . . Trap . | . . . . . . . . . . . . . Miscellaneous . | . . . . . . . . . . . . . Route ------- -11/Scrapyard -10/Materials (discovered 5 exits: *Mat x3 / *Min x2) -10/Mines (discovered 3 exits: *Mat / [*Exi] / [*Sub]) -9/Materials (discovered 6 exits: *Mat x3 / *Min x2 / Sto) -9/Mines (discovered 3 exits: *Mat x2 / [*Zio]) -8/Materials (discovered 2 exits: *Fac x2) -7/Factory -6/Factory -6/Lower Caves -6/Lower Caves (discovered 2 exits: *Fac / *Dat) -6/Data Miner -5/Proximity Caves -5/Factory History --------- Turn | Location | Event 10 | -11/Scrapyard | Discovered new exit (range 16) 212 | -11/Scrapyard | Entered Materials 308 | -10/Materials | Build established: Mutant 477 | -10/Materials | Discovered new exit (range 5) 574 | -10/Materials | Discovered new exit (range 11) 712 | -10/Materials | Derelicts attacked the area 779 | -10/Materials | Discovered new exit (range 15) 1206 | -10/Materials | Repaired Ion Engine 1288 | -10/Materials | Discovered new exit (range 4) 1555 | -10/Materials | Core integrity fell below 50% 1736 | -10/Materials | Discovered new exit (range 5) 1818 | -10/Materials | Entered Mines 1849 | -10/Mines | Received a Mining Laser from a helpful Derelict 1989 | -10/Mines | Deemed a non-threat by the Exiles lab entrance 1989 | -10/Mines | Discovered new exit (range 5) 2147 | -10/Mines | Met a Derelict who couldn't figure out how to use a Trap Extractor 2327 | -10/Mines | Discovered new exit (range 6) 2437 | -10/Mines | Learned location of 2 exits from Materials 2487 | -10/Mines | Assembled infested the area 2491 | -10/Mines | Discovered new exit (range 9) 2492 | -10/Mines | Assisted by a Guerilla fighting off Assembled 2496 | -10/Mines | Core integrity fell below 20% 2517 | -10/Mines | Entered Materials 2517 | -9/Materials | Evolved 2 slots: Propulsion x1, Utility x1 2518 | -9/Materials | Identified exit to Mines 2518 | -9/Materials | Identified exit to Materials 2909 | -9/Materials | Discovered exit to Materials (range 11) 3001 | -9/Materials | Identified exit to Storage 3073 | -9/Materials | Repaired Mni. Grenade Launcher 3287 | -9/Materials | Learned location of 1 exit from Storage 3325 | -9/Materials | Learned Storage security intel 3382 | -9/Materials | Learned Storage trap positions 3485 | -9/Materials | Lost 3 parts (1p2w) 3516 | -9/Materials | Entered Mines 3706 | -9/Mines | Escorted by a lone wolf Derelict 3842 | -9/Mines | Build established: Scavenger-Mutant 3877 | -9/Mines | Allies destroyed YI-UF0 3881 | -9/Mines | Discovered exit to Materials (range 15) 3935 | -9/Mines | Learned 2 Materials zone layouts 3966 | -9/Mines | Found a damaged Exp. Sensor Array with a note attached 3970 | -9/Mines | Found Prototype Device 4015 | -9/Mines | A Derelict revealed a hidden shortcut to a safe place 4098 | -9/Mines | Discovered exit to Materials (range 9) 4248 | -9/Mines | Entered Materials 4248 | -8/Materials | Evolved 2 slots: Utility x1, Weapon x1 4248 | -8/Materials | Identified Exp. Sensor Array 4249 | -8/Materials | Identified exit to Factory 4629 | -8/Materials | Met 7R-MNS 4704 | -8/Materials | Discovered exit to Factory (range 15) 4892 | -8/Materials | Entered Factory 4892 | -7/Factory | Evolved 2 slots: Propulsion x1, Utility x1 4893 | -7/Factory | Caught up to 7R-MNS 5025 | -7/Factory | Build established: Tank 5075 | -7/Factory | Fabricated R-06 Scavenger? 5170 | -7/Factory | Discovered new exit (range 4) 5321 | -7/Factory | Entered another Factory area 5321 | -6/Factory | Accompanied by 1 ally 5321 | -6/Factory | Evolved 2 slots: Power x1, Utility x1 5322 | -6/Factory | Caught up to 7R-MNS 5401 | -6/Factory | Discovered new exit (range 6) 5601 | -6/Factory | Attacked by 7R-MNS 5643 | -6/Factory | 7R-MNS lamented failing the tripod run 5643 | -6/Factory | Destroyed 7R-MNS 5662 | -6/Factory | Lost 7 parts (3p2u2w) 6092 | -6/Factory | Build established: Scavenger-Gunner 6097 | -6/Factory | Entered Lower Caves 6342 | -6/Lower Caves | Learned Factory stockpile data 6351 | -6/Lower Caves | Encountered a Warlord checkpoint 6479 | -6/Lower Caves | Ambushed by wild Derelicts 6520 | -6/Lower Caves | System corruption reached 10% 6550 | -6/Lower Caves | Lost 5 parts (1n3u1w) 6692 | -6/Lower Caves | Attracted the attention of an 0b10 outpost 6744 | -6/Lower Caves | Lost 3 parts (1p2w) 7124 | -6/Lower Caves | Build established: Scavenger-Skirmisher 7205 | -6/Lower Caves | Lost 3 parts (3n) 7210 | -6/Lower Caves | Discovered new exit (range 19) 7275 | -6/Lower Caves | Entered another Lower Caves area 7276 | -6/Lower Caves | Encountered a Warlord checkpoint 7278 | -6/Lower Caves | Spotted B-75 Beast 7327 | -6/Lower Caves | Learned Factory emergency access door positions 7328 | -6/Lower Caves | Discovered new exit (range 11) 7332 | -6/Lower Caves | Lost 3 parts (2n1w) 7352 | -6/Lower Caves | Lost 3 allies 7541 | -6/Lower Caves | Core integrity fell below 50% 7592 | -6/Lower Caves | Lost 15 parts (3p2n4u6w) 7805 | -6/Lower Caves | Build established: Mutant 7972 | -6/Lower Caves | Discovered new exit (range 9) 8040 | -6/Lower Caves | Entered Data Miner 8041 | -6/Data Miner | Discovered new exit (range 7) 8132 | -6/Data Miner | Met Data Miner 8377 | -6/Data Miner | Learned location of Section 7 (-2) 8377 | -6/Data Miner | Acquired the access code to Warlord's prototype stash 8489 | -6/Data Miner | Received God Mode back door access code from Data Miner 8685 | -6/Data Miner | Entered Proximity Caves 8745 | -5/Proximity Caves | Escorted by Enhanced Grunt 8877 | -5/Proximity Caves | Learned Factory emergency access door positions 8909 | -5/Proximity Caves | Discovered new exit (range 20) 8933 | -5/Proximity Caves | Entered Factory 8933 | -5/Factory | Evolved 2 slots: Propulsion x2 9038 | -5/Factory | Core integrity fell below 50% 9045 | -5/Factory | Lost 4 parts (1n3u) 9422 | -5/Factory | Core integrity fell below 20% 9426 | -5/Factory | Adv. Hacking Suite fried by hacking feedback 9439 | -5/Factory | Destroyed by S-27 Virus with Autogun Last Messages --------------- 09431_ K-01 Serf cleans the Matter Pump. 09433_ U-05 Engineer works on Matter Pump. 09434_ K-01 Serf cleans the Matter Pump. 09434_ U-05 Engineer works on Matter Pump. 09434_ K-01 Serf cleans the Construction Platform. 09437_ J1FTBA,K%7SJD55GFU=5Y=D 09437_ Nuclear Reactor explodes. 09437_ Destroyed Autogun. 09437_ S-27 Virus destroyed. 09437_ Target Analyzer destroyed. 09437_ Destroyed Target Analyzer. 09437_ Matter Pump disabled. 09437_ Destroyed Lgt. Ion Engine. 09437_ Matter Pump disabled. 09437_ C-30 ARC bursts open, deploying its payload. 09437_ S-27 Virus unfolds itself. 09437_ U-05 Engineer lays Concrete. 09438_ K-01 Serf collects debris. 09438_ U-05 Engineer lays Concrete. 09439_ K-01 Serf cleans the Construction Platform. Map ----- +----------------------------------------------------+ | ???????????=?????????????????????????????????????? | | ?????????????????????????????????????????????????? | | ?????????????????????????????????????????????????? | | ?????????????????????????????????????????????????? | | ?????????????????????????????????????????????????? | | ???????????????????????????????????+?????????????? | | ???????????????????[?????????????????????????????? | | ?????????????????????????????????????????????????? | | ?????????????????????????????????????????????????? | | ????????????????????????????????!????????????????? | | ?????????????????????????????????????????????????? | | ?????????????????????????????????????????????????? | | ???????????????????????#+#########+??????????????? | | ???????????????????????# ??????????????? | | ???????????????????????# ??????????????? | | ??????????????????????? kkt ??????????????? | | ???????????????????????# """ """"??????????????? | | ???????????????????????# """ """"??????????????? | | ?????????????????###???# """ """" "????????????? | | ????????????????##T #### """" "????????????? | | ????????????????# ! """" """??????????? | | ????????????????# u s """" """"?????????? | | ????????????????# """ """" """" ???? | | ????????????????# """ ???? | | ????????????????# """u u ?????????? | | ????????????????# @ #??????????????????? | | ??????????####### A #??????????????????? | | ?????????# k = #?????????????????? | | ?????????# % ##?????????????????? | | ?????????# """ """u"" =% #?????????????????? | | ?????????+ """ """ " k * ????????????????? | | ?????????# """ """ " s ""???""?#???????? | | ?????????# ss """ """ #???????? | | ?????????#